 Dungeon Crawl Stone Soup version 0.20.0-14-g326068f (webtiles) character file.

58 skittles the Firebug (level 3, -5/26 HPs)
             Began as a Draconian Fire Elementalist on June 8, 2017.
             Slain by a gnoll
             ... wielding a cursed -1 flail
              (9 damage)
             ... on level 2 of the Dungeon.
             The game lasted 00:03:00 (1689 turns).

skittles the Firebug (Draconian Fire Elementalist)  Turns: 1689, Time: 00:03:01

Health: -5/26      AC:  5    Str: 10    XL:     3   Next: 76%
Magic:  0/6        EV: 12    Int: 16    God:
Gold:   76         SH:  0    Dex: 11    Spells: 5/6 levels left

rFire    . . .     SeeInvis .   n - +1 short sword (elec)
rCold    . . .     Gourm    .   (no shield)
rNeg     . . .     Faith    .   (armour unavailable)
rPois    .         Spirit   .   (helmet restricted)
rElec    .         Reflect  .   (no cloak)
rCorr    .         Harm     .   (no gloves)
MR       .....                  (no boots)
Stlth    ++........             (no amulet)
Regen    0.1/turn               (no ring)
MPRegen  0.1/turn               (no ring)

@: very slightly contaminated
A: unfitting armour, cold-blooded, AC +5
a: no special abilities


You were on level 2 of the Dungeon.
You were not hungry.

You visited 1 branch of the dungeon, and saw 2 of its levels.

You collected 76 gold pieces.

Inventory:

Hand Weapons
 n - a +1 short sword of electrocution (weapon)
Scrolls
 d - a scroll of identify {unknown}
 e - a scroll of fog {unknown}
 h - a scroll of enchant weapon {unknown}
 j - 2 scrolls of remove curse {unknown}
Potions
 c - 2 potions of curing
 f - a potion of lignification {unknown}
 g - 2 potions of invisibility {unknown}
 k - 2 potions of cancellation {unknown}
 m - a potion of haste {unknown}
Books
 a - a book of Flames

   Spells                             Type                      Level
   a - Flame Tongue                   Conjuration/Fire             1
   b - Throw Flame                    Conjuration/Fire             2
   c - Conjure Flame                  Conjuration/Fire             3
   d - Inner Flame                    Hexes/Fire                   3
   e - Sticky Flame                   Conjuration/Fire             4
   f - Fireball                       Conjuration/Fire             5
Comestibles
 b - 3 bread rations
 i - a meat ration
 l - 4 chunks of flesh


   Skills:
 - Level 1.7 Dodging
 - Level 1.7 Stealth
 - Level 2.0 Spellcasting
 + Level 2.8 Conjurations
 + Level 3.8 Fire Magic


You had 5 spell levels left.
You knew the following spells:

 Your Spells              Type           Power        Failure   Level  Hunger
a - Flame Tongue          Conj/Fire      ##...        5%          1    #......


Dungeon Overview and Level Annotations

Branches:
Dungeon (2/15)

Altars:


Innate Abilities, Weirdness & Mutations

Your plain brown scales are hard. (AC +5)
You cannot fit into any form of body armour.
You are cold-blooded and may be slowed by cold attacks.


Message History

The flame tongue hits the gnoll.
The gnoll is heavily wounded.
The gnoll barely misses you.
Casting: Flame Tongue
Confirm with . or Enter, or press ? or * to list all spells.
Aiming: Flame Tongue
Press: ? - help, Shift-Dir - straight line, f/p - gnoll
Aim: a gnoll, wielding an enchanted flail (heavily wounded)
You miscast Flame Tongue.
You are very lightly contaminated with residual magic.
Your skin tingles.
There is a stone staircase leading up, spattered with blood here.
Casting: Flame Tongue
Confirm with . or Enter, or press ? or * to list all spells.
Aiming: Flame Tongue
Press: ? - help, Shift-Dir - straight line, f/p - gnoll
Aim: a gnoll, wielding an enchanted flail (heavily wounded)
You miscast Flame Tongue.
Sparks fly from your hands!
The gnoll hits you with an enchanted flail!
You die...

##############
#..............
#..............
#....%.........
#..............
#..............
#..............
#...)@.........
#...g##........
#..............
#....###.......
........
..#####
.......!. ....
#.#######.
..... # .
...... ........


You could see a gnoll.

Vanquished Creatures
  2 gnolls
  An adder (D:1)
  An ooze (D:1)
  2 dart slugs (D:1)
  A leopard gecko (D:1)
  3 goblins (D:1)
  A hobgoblin (D:1)
  2 bats (D:1)
  A frilled lizard (D:1)
  6 kobolds (D:1)
  4 rats (D:1)
24 creatures vanquished.

Notes
Turn   | Place    | Note
-------+----------+-------------------------------------------
     0 | D:1      | skittles the Draconian Fire Elementalist began the quest for the Orb.
     0 | D:1      | Reached XP level 1. HP: 14/14 MP: 3/3
   671 | D:1      | Reached XP level 2. HP: 20/20 MP: 5/5
  1455 | D:1      | Reached XP level 3. HP: 18/26 MP: 3/6
  1689 | D:2      | Slain by a gnoll

Skill      XL: |  1  2 |
---------------+-------+-----
Conjurations   | 2 |  2.8
Dodging        | |  1.7
Stealth        | |  1.7
Spellcasting   | |  2.0
Fire Magic     | |  3.8

Action                   || total
-------------------------++-------
Melee: Dagger            ||    56
       Unarmed           ||    13
       Tailslap          ||     7
       Short sword       ||     7
 Cast: Flame Tongue      ||    23
  Use: Potion            ||     1
 Stab: Sleeping          ||     3
  Eat: Chunk             ||     3
Armor: Skin              ||    16
Dodge: Dodged            ||    56
